[Event "*** Titled Tuesday Blitz"]
[Site "Chess.com"]
[Date "2020.10.20"]
[Round "9"]
[White "Kildepiotr"]
[Black "PotapovaM"]
[Result "1-0"]
[WhiteElo "2668"]
[BlackElo "2530"]
[TimeControl "180+1"]
[EndTime "11:46:51 PDT"]
[Termination "Kildepiotr won by resignation"]

1. Nf3 Nf6 2. g3 d5 3. Bg2 c5 4. O-O e6 5. d3 Nc6 6. Nbd2 g6 7. e4 Bg7 8. Qe2 O-O 9. Re1 a5 10.
Nf1 b6 11. e5 Nd7 12. Bf4 Ba6 13. c4 Ne7 14. Ne3 Nb8 15. Nd2 Nbc6 16. cxd5 Nd4 17. Qd1 Nxd5 18. Nxd5 exd5 19. Nf3 Nf5 20. Qd2 d4 21. e6 f6 22. Nh4 Ne7 23. Bxa8 Qxa8 24. Bd6 Re8 25. Bxe7 Rxe7 26. Qf4 Qc6 27. Rad1 Bb7 28. f3 g5 29. Nf5 Re8 30. Qe4 Qc7 31. Qg4 Bd5 32. h4 h6 33. Qh5 Rb8 34. Qg6 Kh8 35.
e7 Rg8 36. e8=Q Rxe8 1-0

[Event "*** Titled Tuesday Blitz"]
[Site "Chess.com"]
[Date "2020.10.20"]
[Round "9"]
[White "Rud_Makarian"]
[Black "Azatic"]
[Result "1-0"]
[WhiteElo "2755"]
[BlackElo "2574"]
[TimeControl "180+1"]
[EndTime "11:46:53 PDT"]
[Termination "Rud_Makarian won on time"]

1. d3 c5 2. g3 Nc6 3. Bg2 g6 4. f4 Bg7 5. Nf3 d5 6. O-O Nf6 7. Nc3 d4 8. Na4 Nd7 9. c4 O-O 10. a3 Qc7 11. Rb1 a5 12. e4 b6 13. b3 Bb7 14. Nb2 e5 15. f5 gxf5 16. Nh4 Ne7 17. Nxf5 Nxf5 18. Rxf5 f6 19. Qh5 Rf7 20. Bd2 Re8 21.
a4 Nf8 22. Rbf1 Bc8 23. R5f2 Be6 24. Bh3 Qd7 25. Bxe6 Nxe6 26. Nd1 Rff8 27. Rf5 Bh8 28. Bh6 Bg7 29. Bd2 Bh8 30. Qh4 Bg7 31. Nf2 Qf7 32.
Ng4 Qg6 33. Rh5 Re7 34. Rff5 Ref7 35. Kg2 Kh8 36. Bh6 Kg8 37. Bd2 Ng5 38. Bxg5 fxg5 39.
Rfxg5 Qe6 40. Rxh7 1-0

[Event "*** Titled Tuesday Blitz"]
[Site "Chess.com"]
[Date "2020.10.20"]
[Round "9"]
[White "sbouchet"]
[Black "CLG_Nemsko"]
[Result "1-0"]
[WhiteElo "2397"]
[BlackElo "2201"]
[TimeControl "180+1"]
[EndTime "11:46:53 PDT"]
[Termination "sbouchet won by resignation"]

1. e4 c5 2. c3 d5 3. exd5 Qxd5 4. d4 Nc6 5. Nf3 Bg4 6. Be2 cxd4 7. cxd4 O-O-O 8. Nc3 Qd7 9. Be3 e6 10. O-O Bd6 11.
Nb5 Bb8 12. Rc1 a6 13. a4 Nf6 14. Ne5 Bxe5 15. Bxg4 Nxg4 16. Qxg4 Bc7 17. Nxc7 Qxc7 18. Qxg7 Rhg8 19. Qf6 Rg6 20. Qf3 Rdg8 21. g3 Qd7 22. b4 Kb8 23. b5 Nxd4 24. Qf4+ e5 25. Qxe5+ Rd6 26. Bxd4 Re8 27. Qf4 Ka8 28. Be3 Rd8 29. b6 Qe6 30. Qf3 Qd5 31. Qxd5 Rxd5 32. Rc7 R5d7 33.
Rfc1 Rxc7 34. bxc7 Rc8 35. Bb6 1-0

[Event "*** Titled Tuesday Blitz"]
[Site "Chess.com"]
[Date "2020.10.20"]
[Round "9"]
[White "Xeniya2005"]
[Black "GMJustin"]
[Result "0-1"]
[WhiteElo "2380"]
[BlackElo "2281"]
[TimeControl "180+1"]
[EndTime "11:46:54 PDT"]
[Termination "GMJustin won by resignation"]

1. e4 e5 2. Nf3 Nc6 3. Nc3 Bb4 4. Bb5 Bxc3 5. dxc3 Nge7 6. O-O d6 7. h3 O-O 8. Be3 h6 9. Qd2 Kh7 10. Rad1 f5 11.
exf5 Nxf5 12. Bd3 Kh8 13. Bxf5 Bxf5 14. Rfe1 Qf6 15. Nh2 Qg6 16. Kh1 Bxc2 17. Rc1 Be4 18. f3 Bf5 19. b4 Be6 20. a4 Ne7 21. Bf2 Nf5 22. c4 Ng3+ 23. Bxg3 Qxg3 24. c5 Rf4 25. cxd6 Rd4 26. Qc3 cxd6 27. Qc7 Rd2 28. Rg1 Bxh3 0-1

[Event "*** Titled Tuesday Blitz"]
[Site "Chess.com"]
[Date "2020.10.20"]
[Round "9"]
[White "vladgoncharov"]
[Black "AlexeiShirov"]
[Result "0-1"]
[WhiteElo "2501"]
[BlackElo "2793"]
[TimeControl "180+1"]
[EndTime "11:46:55 PDT"]
[Termination "AlexeiShirov won by resignation"]

1. d4 d5 2. c4 c6 3. Nf3 Nf6 4. e3 Bf5 5. Nc3 e6 6. Nh4 Be4 7. f3 Bg6 8. Nxg6 hxg6 9. g3 Bd6 10. Bg2 Rxh2 11. Rxh2 Bxg3+ 12. Kf1 Bxh2 13. f4 Nh5 14.
Qg4 Bg3 15. cxd5 cxd5 16. f5 exf5 17. Qf3 Nc6 18. Qxd5 Qh4 19. Bd2 Rd8 20. Qb5 Rd7 21. Bxc6 bxc6 22. Qxc6 Bd6 23. Ke2 f4 24. exf4 Nxf4+ 25. Bxf4 Qxf4 26. Kd3 Be5 27. Rd1 Bxd4 28. Kc2 Qf5+ 29.
Rd3 Bxc3 30. Qc8+ Ke7 31. Qxd7+ Qxd7 32. Rxd7+ Kxd7 33. Kxc3 g5 34. Kd4 g4 35. b4 Kc6 36. a4 f5 0-1

[Event "*** Titled Tuesday Blitz"]
[Site "Chess.com"]
[Date "2020.10.20"]
[Round "9"]
[White "Heineccius"]
[Black "QuintilianoR"]
[Result "1-0"]
[WhiteElo "2546"]
[BlackElo "2654"]
[TimeControl "180+1"]
[EndTime "11:46:56 PDT"]
[Termination "Heineccius won by resignation"]

1. d4 Nf6 2. c4 e6 3. Nc3 Bb4 4. g3 d5 5. Bg2 O-O 6. Nf3 dxc4 7. O-O Nc6 8. Qa4 Nd5 9. Qc2 Be7 10. Rd1 Rb8 11. e4 Ndb4 12. Qe2 Nd3 13. Be3 b5 14. b3 Ba6 15. a4 b4 16. Nb5 Rxb5 17. axb5 Bxb5 18.
bxc4 Bxc4 19. Qc2 Bb5 20. Bf1 b3 21. Qxb3 Ncb4 22. Bxd3 Bxd3 23. Rxd3 Nxd3 24. Qxd3 c5 25. Rxa7 cxd4 26. Qxd4 Bd6 27. e5 Bc7 28. Qxd8 Bxd8 29. Ra8 Be7 30. Rxf8+ Kxf8 31. Nd4 h6 32. f4 Ba3 33.
Kf2 Ke8 34. Kf3 Kd7 35. Ke4 Bb4 36. g4 Be1 37. f5 Bc3 38. Nb3 Bb2 39. Nc5+ Ke7 40.
Nd3 Ba1 41. Bc5+ Ke8 42. Bd4 1-0

[Event "*** Titled Tuesday Blitz"]
[Site "Chess.com"]
[Date "2020.10.20"]
[Round "9"]
[White "Fortitudine"]
[Black "GlennTipton"]
[Result "1/2-1/2"]
[WhiteElo "2286"]
[BlackElo "2414"]
[TimeControl "180+1"]
[EndTime "11:46:56 PDT"]
[Termination "Game drawn by repetition"]

1. c4 Nf6 2. g3 e5 3. Bg2 c6 4. d4 d6 5. dxe5 dxe5 6. Qxd8+ Kxd8 7. Nc3 Bb4 8. Bd2 Be6 9. b3 Nbd7 10. Bh3 Bxh3 11.
Nxh3 Ke7 12. O-O-O Nc5 13. Kc2 a5 14. Nb1 Nfe4 15. a3 Bxd2 16. Nxd2 Nxd2 17. Rxd2 Rad8 18. Rhd1 Rxd2+ 19. Rxd2 Rd8 20. Rxd8 Kxd8 21. f3 Ke7 22. b4 axb4 23. axb4 Ne6 24. e3 f5 25. Kd3 g5 26.
Nf2 h5 27. h3 f4 28. exf4 exf4 29. g4 hxg4 30. hxg4 Kf6 31. Ne4+ Ke5 32. Nc5 Nd8 33. Nd7+ Ke6 34. Nc5+ Ke5 35. Nd7+ Kd6 36. Nf6 Ke5 37. Nd7+ 1/2-1/2

[Event "*** Titled Tuesday Blitz"]
[Site "Chess.com"]
[Date "2020.10.20"]
[Round "9"]
[White "indfraeng"]
[Black "vaishali2001"]
[Result "1-0"]
[WhiteElo "2356"]
[BlackElo "2551"]
[TimeControl "180+1"]
[EndTime "11:46:57 PDT"]
[Termination "indfraeng won by resignation"]

1. d4 Nf6 2. c4 c5 3. d5 b5 4.
Qc2 bxc4 5. e4 d6 6. Bxc4 g6 7. Nf3 Bg7 8. O-O O-O 9. h3 Nbd7 10. Re1 Nb6 11. Bf1 Rb8 12. Nc3 Bd7 13. b3 e6 14.
dxe6 Bxe6 15. Bb2 d5 16. exd5 Nbxd5 17. Nxd5 Qxd5 18. Rad1 Qb7 19. Bc4 Bf5 20. Qc1 Rbe8 21. Qa1 Qb6 22. Ne5 Re7 23. Ng4 Rxe1+ 24. Rxe1 Bxg4 25.
hxg4 Qd6 26. Be5 Qc6 27. Bc3 h6 28. f3 Qd6 29. Be5 Qc6 30. Bc3 Re8 31. Rxe8+ Nxe8 32. Bxg7 Nxg7 33. Qe5 a5 34. Qe7 Qe8 35. Qxc5 Qe1+ 36. Bf1 Ne6 37. Qc8+ Kg7 38. Qc4 Nd4 39. Qxd4+ 1-0

[Event "*** Titled Tuesday Blitz"]
[Site "Chess.com"]
[Date "2020.10.20"]
[Round "9"]
[White "Ranindu2003"]
[Black "gliglu"]
[Result "1-0"]
[WhiteElo "2554"]
[BlackElo "2352"]
[TimeControl "180+1"]
[EndTime "11:47:00 PDT"]
[Termination "Ranindu2003 won by resignation"]

1. e4 c6 2. d4 d5 3. e5 Bf5 4. Nd2 e6 5. Nb3 Nd7 6. Nf3 Ne7 7. Be2 Bg6 8. O-O Nf5 9. Bd2 Be7 10. a4 O-O 11. a5 c5 12. a6 b6 13. Bb5 Rc8 14.
dxc5 Nxc5 15. Nbd4 Nxd4 16. Nxd4 Ne4 17. Nc6 Qc7 18. Be3 Bc5 19. Qe2 f5 20. f3 Bxe3+ 21.
Qxe3 Nc5 22. b4 Nd7 23. Ne7+ Kh8 24. Nxc8 Rxc8 25. c4 Qxe5 26. Qxe5 Nxe5 27. cxd5 exd5 28. Rfe1 Nc4 29. Rad1 Bf7 30. Re7 Kg8 31. Rxa7 Nd6 32.
Bf1 Rd8 33. Rc7 Ne8 34. Rb7 d4 35. a7 Ra8 36. Rxd4 Kf8 37. Rdd7 Be6 38. Rb8 1-0

[Event "*** Titled Tuesday Blitz"]
[Site "Chess.com"]
[Date "2020.10.20"]
[Round "9"]
[White "ftorodent"]
[Black "Semetey"]
[Result "0-1"]
[WhiteElo "2655"]
[BlackElo "2547"]
[TimeControl "180+1"]
[EndTime "11:47:01 PDT"]
[Termination "Semetey won by resignation"]

1. d4 Nf6 2. c4 g6 3. Nc3 d5 4. Nf3 Bg7 5. cxd5 Nxd5 6. Bg5 O-O 7. e3 Nxc3 8. bxc3 c5 9. Qd2 cxd4 10. cxd4 Nc6 11.
Rb1 Bf5 12. Rb5 Qd7 13. Be2 Be4 14. O-O Bxf3 15. Bxf3 Nxd4 16. Rd5 Nxf3+ 17. gxf3 Qh3 18. Qe2 f6 19. Bf4 e5 20. Bg3 h5 21. Qc4 Kh7 22. Rfd1 Rac8 23. Qb4 Rc7 24. Rd6 Rfc8 25. Qe4 b6 26. a4 Rc4 27. Qb1 h4 28. Bxe5 Qxf3 29. Bf4 h3 0-1

[Event "*** Titled Tuesday Blitz"]
[Site "Chess.com"]
[Date "2020.10.20"]
[Round "9"]
[White "esapunov"]
[Black "KarstenHansch"]
[Result "1-0"]
[WhiteElo "2754"]
[BlackElo "2499"]
[TimeControl "180+1"]
[EndTime "11:47:02 PDT"]
[Termination "esapunov won by resignation"]

1. c4 e6 2. Nf3 d5 3. d4 Nf6 4. Nc3 Be7 5. Bg5 Nbd7 6. e3 h6 7. Bh4 O-O 8. Rc1 c5 9. dxc5 dxc4 10. c6 bxc6 11. Bxc4 Nb6 12. Bd3 c5 13. O-O Bb7 14. Qe2 Bxf3 15. gxf3 Nfd5 16. Bg3 Nxc3 17. Rxc3 Bf6 18.
Rc2 Qe7 19. Rfc1 Rfd8 20. Ba6 c4 21. Bxc4 Rac8 22. b3 h5 23. h3 Qa3 24. Kg2 Nxc4 25. bxc4 Rc5 26. f4 Rdc8 27. f3 Rb8 28. Bf2 Rc7 29. c5 Bb2 30. Rb1 Qxa2 31. Rbxb2 Rxb2 32. Rxb2 Qa3 33. e4 a5 34. Qc2 a4 35. Ra2 Qb4 36. Rxa4 Qb8 37. Qa2 Kh7 38. Ra8 Qb7 39. Ra5 Qb4 40.
Ra7 Rc8 41. Rxf7 Rd8 42. Qa1 Rg8 43. Qe5 Kg6 44. Re7 1-0

[Event "*** Titled Tuesday Blitz"]
[Site "Chess.com"]
[Date "2020.10.20"]
[Round "9"]
[White "Sacbutt"]
[Black "fabianvivasz"]
[Result "1-0"]
[WhiteElo "2296"]
[BlackElo "2414"]
[TimeControl "180+1"]
[EndTime "11:47:02 PDT"]
[Termination "Sacbutt won on time"]

1. e4 e5 2. Nf3 Nc6 3. Bc4 Nf6 4. d3 Bc5 5. c3 O-O 6. O-O d5 7. exd5 Nxd5 8. Nbd2 Bg4 9. h3 Bh5 10. Ne4 Be7 11. Ng3 Bg6 12. d4 exd4 13. Nxd4 Nxd4 14. Qxd4 Nb6 15. Qxd8 Raxd8 16. Bb3 Bd3 17. Re1 Bd6 18. Nf1 c5 19. Be3 c4 20. Bd1 Rfe8 21.
Bf3 Na4 22. b3 Nxc3 23. bxc4 Bxc4 24. Bxb7 Bb4 25. Bd2 Rxe1 26. Bxe1 Ne2+ 27. Kh1 Bc5 28. Ne3 Bb5 29. Ba5 Re8 30. a4 Bd7 31. Nd5 Nd4 32.
Rd1 Ne6 33. Nc7 1-0

[Event "*** Titled Tuesday Blitz"]
[Site "Chess.com"]
[Date "2020.10.20"]
[Round "9"]
[White "Maghalashvili"]
[Black "sergeikim"]
[Result "1-0"]
[WhiteElo "2680"]
[BlackElo "2536"]
[TimeControl "180+1"]
[EndTime "11:47:03 PDT"]
[Termination "Maghalashvili won on time"]

1. Nf3 Nf6 2. g3 g6 3. Bg2 Bg7 4. O-O O-O 5. c4 d6 6. d4 Nbd7 7. Nc3 e5 8. e4 exd4 9. Nxd4 Re8 10. Re1 Nc5 11. Bf4 Ne6 12. Nxe6 Bxe6 13. Nd5 c6 14. Nxf6+ Bxf6 15. Bxd6 Bxb2 16. Rb1 Bc3 17. Re3 Bg7 18. Rxb7 Bxc4 19. e5 Rxe5 20. Qc2 Rxe3 21. Qxc4 Re1+ 22. Bf1 Qe8 23. Bb4 Re4 24. Qb3 a5 25. Bc5 Re1 26. Qc4 Qe6 27. Qf4 Re8 28. Be3 Qxa2 29. Ra7 Qe6 30.
Kg2 Qd5+ 31. Kg1 Qe6 32. h4 a4 33. Kg2 Qd5+ 34. Kg1 Qe6 35. h5 a3 36. h6 Bf8 37. Qf3 Qd5 38. Qf6 Qe6 39. Qc3 Rb1 40.
Qc2 1-0

[Event "*** Titled Tuesday Blitz"]
[Site "Chess.com"]
[Date "2020.10.20"]
[Round "9"]
[White "TST2014"]
[Black "alexwinter25"]
[Result "1-0"]
[WhiteElo "2510"]
[BlackElo "2370"]
[TimeControl "180+1"]
[EndTime "11:47:03 PDT"]
[Termination "TST2014 won on time"]

1. d4 d5 2. c4 e6 3. Nf3 Nf6 4. Nc3 c6 5. e3 Be7 6. Qc2 O-O 7. b3 b6 8. Bd3 Bb7 9. e4 dxe4 10.
Nxe4 h6 11. O-O Nbd7 12. Bb2 Rc8 13. Rad1 Qc7 14. Rfe1 c5 15. Qe2 cxd4 16. Nxd4 Qf4 17. g3 Qg4 18. f3 Qh5 19. g4 Qh4 20. Ng3 Nc5 21. Ndf5 exf5 22. Nxf5 Nxd3 23. Nxh4 Bc5+ 24. Kf1 Nxe1 25. Rxe1 Rfe8 26. Qd3 Rxe1+ 27. Kxe1 Re8+ 28. Kf1 Re3 29. Qd8+ Re8 30. Qc7 Re7 31. Qb8+ Kh7 32.
Bxf6 gxf6 33. Nf5 Rd7 34. Qe8 1-0

[Event "*** Titled Tuesday Blitz"]
[Site "Chess.com"]
[Date "2020.10.20"]
[Round "9"]
[White "Roza_Idrisova"]
[Black "VladimirBugayev"]
[Result "1-0"]
[WhiteElo "2176"]
[BlackElo "2286"]
[TimeControl "180+1"]
[EndTime "11:47:05 PDT"]
[Termination "Roza_Idrisova won on time"]

1. d4 Nf6 2. Nf3 g6 3. c4 Bg7 4. Nc3 O-O 5. e4 d6 6. Be2 e5 7. O-O Nc6 8. d5 Ne7 9. b4 Ne8 10. c5 f5 11. cxd6 cxd6 12. a4 f4 13. Nd2 Rf7 14.
Bg4 g5 15. Bb2 Ng6 16. Rc1 Nf6 17. Be6 Bxe6 18. dxe6 Re7 19. Nd5 Nxd5 20. exd5 Rc7 21. Ne4 Rac8 22. Qd2 h6 23. h3 Ne7 24. Rfd1 Rxc1 25.
Rxc1 Rxc1+ 26. Bxc1 Qb6 27. Bb2 Nf5 28. Qc3 Qd8 29.
Qc4 Nd4 30. b5 Kh7 31. Qd3 1-0

[Event "*** Titled Tuesday Blitz"]
[Site "Chess.com"]
[Date "2020.10.20"]
[Round "9"]
[White "ural58"]
[Black "pastouche06"]
[Result "0-1"]
[WhiteElo "2348"]
[BlackElo "2475"]
[TimeControl "180+1"]
[EndTime "11:47:06 PDT"]
[Termination "pastouche06 won on time"]

1. e4 c6 2. b3 d5 3. Qe2 dxe4 4. Nc3 Nf6 5. Nxe4 Nxe4 6. Qxe4 Qd5 7. Qe3 Bf5 8. Bb2 e6 9. O-O-O a5 10.
Nf3 a4 11. Bc4 Qd8 12. Nd4 Bc5 13. Nxf5 Bxe3 14. Nxg7+ Ke7 15. fxe3 Rg8 16. Rhf1 Nd7 17. Rf3 Qa5 18. Rdf1 Raf8 19. g4 b5 20. Bd3 axb3 21.
axb3 f6 22. Nh5 Ne5 23. Bxh7 Nxf3 24. Bxg8 Qxd2+ 25. Kb1 Rxg8 26. Nxf6 Ra8 27. Ne4 Qe2 28. Rc1 Qxe3 0-1

[Event "*** Titled Tuesday Blitz"]
[Site "Chess.com"]
[Date "2020.10.20"]
[Round "9"]
[White "sotochess"]
[Black "BocharovD"]
[Result "1-0"]
[WhiteElo "2646"]
[BlackElo "2786"]
[TimeControl "180+1"]
[EndTime "11:47:08 PDT"]
[Termination "sotochess won by resignation"]

1. e4 c5 2. Nf3 d6 3. d4 cxd4 4. Nxd4 Nf6 5. f3 e5 6. Bb5+ Nbd7 7. Nf5 d5 8. exd5 a6 9. Ba4 b5 10. Bb3 Nc5 11. Ne3 Bd6 12. O-O O-O 13. Nc3 e4 14.
fxe4 b4 15. Na4 Nxa4 16. Bxa4 Nxe4 17. Bc6 Ra7 18. Qd4 Re7 19. Kh1 f5 20. Qd3 f4 21.
Nc4 Bf5 22. Qf3 Ng5 23. Qh5 Bc7 24. Bxf4 Bxf4 25. Rxf4 Ref7 26. Ne5 Qd6 27. Nxf7 Qxf4 28. Qxg5 Qd4 29. Nh6+ Kh8 30. Nxf5 1-0

[Event "*** Titled Tuesday Blitz"]
[Site "Chess.com"]
[Date "2020.10.20"]
[Round "9"]
[White "MisiekZielony"]
[Black "maxip32"]
[Result "0-1"]
[WhiteElo "2277"]
[BlackElo "2434"]
[TimeControl "180+1"]
[EndTime "11:47:08 PDT"]
[Termination "maxip32 won on time"]

1. c4 g6 2. Nc3 Bg7 3. g3 d6 4.
Bg2 e5 5. e4 c5 6. Nge2 Nc6 7. d3 Nge7 8. O-O O-O 9. f4 f5 10. Rb1 a5 11. a3 fxe4 12. dxe4 Nd4 13. Qd3 Be6 14. Nxd4 cxd4 15. Nd5 Nxd5 16. cxd5 Bd7 17.
f5 Qb6 18. a4 Bxa4 19. Rf2 Qb3 20. Qxb3 Bxb3 21. g4 Bc4 22. Bd2 gxf5 23. gxf5 Bf6 24. Bf1 Bxf1 25. Kxf1 Rfc8 26. Rc1 Rxc1+ 27. Bxc1 Rc8 28.
Bd2 b6 29. Ke2 Rc2 30. b4 Bg5 31. Rg2 Rxd2+ 0-1

[Event "*** Titled Tuesday Blitz"]
[Site "Chess.com"]
[Date "2020.10.20"]
[Round "9"]
[White "ChessWarrior7197"]
[Black "scarabee43"]
[Result "1-0"]
[WhiteElo "2985"]
[BlackElo "2507"]
[TimeControl "180+1"]
[EndTime "11:47:09 PDT"]
[Termination "ChessWarrior7197 won by resignation"]

1. e4 c5 2. Nf3 e6 3. d4 cxd4 4.
Nxd4 Nc6 5. Nc3 Qc7 6. Be3 a6 7. Qf3 Nf6 8. O-O-O Be7 9. Nxc6 bxc6 10. Qg3 Qxg3 11. hxg3 Ng4 12. Re1 Nxe3 13. Rxe3 O-O 14. e5 a5 15. Bd3 h6 16. f4 Ba6 17. Rd1 Rfd8 18. Ne4 Kf8 19. g4 g6 20. Rf3 Bxd3 21.
Rdxd3 Rab8 22. a3 Rb5 23. c4 Rb7 24. f5 exf5 25. gxf5 gxf5 26. Rxf5 Rdb8 27. Rd2 Kg7 28. Rdf2 Rf8 29. R5f3 Rbb8 30. Ng3 Bg5+ 31. Kc2 Rbe8 32. Nf5+ Kg6 33. Re2 Re6 34. Nd4 Re7 35. Rd3 Rfe8 36. Nf3 Bf4 37. Rd6+ Kg7 38. Re4 Bxe5 39. Nxe5 Rxe5 40.
Rxe5 Rxe5 41. Rxd7 Re2+ 42. Rd2 Re4 43. Kd3 Rg4 44. b4 axb4 45. axb4 Kf6 46. Re2 h5 47. Kc3 Rg5 48. Kd4 h4 49. Re4 Rxg2 50. Rxh4 Ke6 51.
Kc5 Kd7 52. Kb6 Rg6 53. c5 f5 54. Rh7+ Ke8 55. b5 cxb5+ 56. c6 f4 57. Kb7 Rg1 58.
c7 Rc1 59. c8=Q+ Rxc8 60. Kxc8 b4 61. Rh4 b3 62. Rxf4 b2 63. Rb4 1-0

[Event "*** Titled Tuesday Blitz"]
[Site "Chess.com"]
[Date "2020.10.20"]
[Round "9"]
[White "gusmaster2262"]
[Black "MoreChessJulia"]
[Result "0-1"]
[WhiteElo "2169"]
[BlackElo "1993"]
[TimeControl "180+1"]
[EndTime "11:47:09 PDT"]
[Termination "MoreChessJulia won by checkmate"]

1. d4 g6 2. c4 Bg7 3. Nc3 c5 4. Nf3 cxd4 5. Nxd4 Nc6 6. Nc2 d6 7. g3 Nf6 8. Bg2 O-O 9. O-O Be6 10. Ne3 Rc8 11.
Ned5 Ne5 12. b3 a6 13. Be3 Bxd5 14. Nxd5 Nxd5 15. Bxd5 Ng4 16. Bd4 e5 17. Bb2 Qe7 18. Qd2 Kh8 19. Rad1 f5 20. Ba3 Rcd8 21. Bg2 f4 22.
Bxd6 Qg5 23. Qb4 Rf7 24. Bd5 Rfd7 25. Be6 Qh5 26. Bxg4 Qxg4 27. Bc7 Rxd1 28. Bxd8 Qxe2 29. Rxd1 Qxd1+ 30. Kg2 f3+ 31. Kh3 Qxd8 32. Qxb7 Qf8 33.
g4 h5 34. Qxa6 hxg4+ 35. Kxg4 Qf5+ 36. Kg3 e4 37. Qa8+ Kh7 38. Qd5 Be5+ 39. Kh4 Qh5# 0-1

[Event "*** Titled Tuesday Blitz"]
[Site "Chess.com"]
[Date "2020.10.20"]
[Round "9"]
[White "Skat2704"]
[Black "dosto07"]
[Result "1-0"]
[WhiteElo "2332"]
[BlackElo "2319"]
[TimeControl "180+1"]
[EndTime "11:47:10 PDT"]
[Termination "Skat2704 won on time"]

1. d4 d5 2. Nf3 Nf6 3. c4 dxc4 4. e3 e6 5. Bxc4 c5 6. O-O a6 7. b3 Nc6 8. Bb2 cxd4 9. exd4 Be7 10. Nbd2 O-O 11.
Rc1 Bd7 12. Ne5 Nb4 13. a3 Nbd5 14. Qe2 Rc8 15. Ne4 Nxe4 16. Qxe4 Bc6 17. Nxc6 Rxc6 18. Rfe1 Bf6 19. Bd3 g6 20. Rxc6 bxc6 21. Bxa6 c5 22. Bc4 cxd4 23. Bxd4 Bxd4 24. Qxd4 Qa5 25. Ra1 Rd8 26. h3 Nc3 27. Qf6 Rd2 28. b4 Qa7 29. Re1 Nd1 30. Rxe6 Qxf2+ 31. Qxf2 Nxf2 32. Re8+ Kg7 33. Re7 Kg8 34. Rxf7 Nd3 35. Rd7+ Kf8 36. Rxd3 1-0

[Event "*** Titled Tuesday Blitz"]
[Site "Chess.com"]
[Date "2020.10.20"]
[Round "9"]
[White "Aleksey_Sorokin"]
[Black "Annawel"]
[Result "1-0"]
[WhiteElo "2855"]
[BlackElo "2926"]
[TimeControl "180+1"]
[EndTime "11:47:11 PDT"]
[Termination "Aleksey_Sorokin won on time"]

1. d4 f5 2. Nf3 Nf6 3. g3 g6 4. Bg2 Bg7 5. O-O O-O 6. b3 b6 7. Bb2 Bb7 8. c4 e6 9. Nc3 Ne4 10. Nxe4 Bxe4 11. Qd2 Qe7 12. Rad1 d6 13. Rfe1 Nd7 14.
d5 e5 15. Bh3 Bxf3 16. exf3 Rae8 17. b4 Kh8 18. Kg2 h5 19. Kh1 Kh7 20. Bc1 Nf6 21.
Qg5 Qf7 22. a4 Re7 23. Qh4 Rfe8 24. Bg5 e4 25. Qf4 exf3 26. Rxe7 Rxe7 27. Qxf3 Re4 28. c5 dxc5 29. bxc5 Nxd5 30. c6 Nc3 31. Rd3 Qc4 32.
Bxf5 Re1+ 33. Kg2 Qg8 34. Qxh5+ 1-0

[Event "*** Titled Tuesday Blitz"]
[Site "Chess.com"]
[Date "2020.10.20"]
[Round "9"]
[White "MarkoPe"]
[Black "Loy_Konstantin"]
[Result "1-0"]
[WhiteElo "2191"]
[BlackElo "2360"]
[TimeControl "180+1"]
[EndTime "11:47:11 PDT"]
[Termination "MarkoPe won by resignation"]

1. c4 e5 2. Nc3 d6 3. g3 f5 4.
d4 e4 5. f3 Nf6 6. Bg2 exf3 7.
Nxf3 Be7 8. O-O O-O 9. Qd3 Nc6 10. Bg5 Ne4 11. Nxe4 fxe4 12. Qxe4 Bxg5 13. Qd5+ Kh8 14.
Nxg5 Bg4 15. Nf7+ Rxf7 16. Rxf7 Bxe2 17. Re1 Bd3 18. Be4 Nb4 19. Qf5 g6 20. Qh3 Qg8 21. Qd7 Bxe4 22. Rxe4 Rf8 23. Ree7 Rxf7 24. Rxf7 Nc6 25.
Qxc7 Nxd4 26. Qxb7 Ne2+ 27. Kg2 Nd4 28. Rc7 Nf5 29. Rc8 Ne3+ 30. Kg1 1-0

[Event "*** Titled Tuesday Blitz"]
[Site "Chess.com"]
[Date "2020.10.20"]
[Round "9"]
[White "Alexander_Moskalenko"]
[Black "Tooweak2slow03"]
[Result "1/2-1/2"]
[WhiteElo "2888"]
[BlackElo "2783"]
[TimeControl "180+1"]
[EndTime "11:47:12 PDT"]
[Termination "Game drawn - insufficient material"]

1. c4 e6 2. Nc3 Nf6 3. Nf3 d5 4. d4 dxc4 5. e4 b5 6. Bg5 c6 7. e5 h6 8. Bh4 g5 9. Nxg5 hxg5 10. Bxg5 Nbd7 11. g3 Bb7 12. Bg2 Qb6 13. exf6 c5 14.
d5 O-O-O 15. O-O b4 16. Na4 Qa6 17. a3 Bxd5 18. Bxd5 Ne5 19. Nxc5 Bxc5 20. axb4 Qb5 21. bxc5 Rxd5 22. Qe2 a5 23. Be3 Rd3 24. Ra3 Qc6 25.
f3 Rhd8 26. Rxa5 c3 27. Rfa1 Qxf3 28. Qxf3 Nxf3+ 29. Kf2 Nxh2 30. Ra8+ Kd7 31. R1a7+ Ke8 32. Re7+ Kf8 33. Rxd8+ Rxd8 34. bxc3 Ng4+ 35. Kf3 Nxf6 36. Ra7 Rd3 37. Ke2 Rd8 38. Bd4 Ne4 39. g4 Rc8 40.
Ra5 Ke7 41. Ke3 f5 42. gxf5 exf5 43. Kf4 Ke6 44. Ra6+ Kd5 45. Kxf5 Nxc5 46. Ra5 Kc4 47. Kg4 Ne4 48. Ra4+ Kd3 49. Kf5 Nxc3 50. Bxc3 Rxc3 51. Rf4 Kd2 52. Kg4 Kc2 53. Rf3 Rc4+ 54. Kg3 Rc3 55.
Rxc3+ Kxc3 1/2-1/2

[Event "*** Titled Tuesday Blitz"]
[Site "Chess.com"]
[Date "2020.10.20"]
[Round "9"]
[White "KaterinaMiroshnik"]
[Black "anpospan"]
[Result "1-0"]
[WhiteElo "2481"]
[BlackElo "2366"]
[TimeControl "180+1"]
[EndTime "11:47:12 PDT"]
[Termination "KaterinaMiroshnik won by resignation"]

1. d4 Nf6 2. Nf3 e6 3. c3 b6 4.
g3 Bb7 5. Bg2 Be7 6. O-O O-O 7.
Nbd2 d6 8. Qc2 Nbd7 9. e4 e5 10. Re1 Re8 11. a4 a5 12. b3 Bf8 13. Bb2 c6 14. Rad1 Qc7 15. c4 g6 16. dxe5 dxe5 17.
Nf1 Bb4 18. Bc3 Bxc3 19. Qxc3 Nc5 20. N3d2 Rad8 21. Qc2 Nd3 22. Re2 Nb4 23. Qc3 Rd3 24.
Qa1 Red8 25. Ne3 R8d4 26. Nf3 Rxd1+ 27. Nxd1 Rxe4 28. Rxe4 Nxe4 29. Nxe5 c5 30. Bxe4 Bxe4 31. Ng4 Nc2 32. Nh6+ Kf8 33. Qh8+ Ke7 34. Ng8+ Kd7 35.
Nf6+ Kc6 36. Qe8+ Kb7 37. Qxe4+ Qc6 38. Qe7+ Ka6 39. Nd5 Nd4 40. Nc7+ Kb7 41. Nb5+ Kb8 42. Qd8+ Kb7 43. Nxd4 1-0

[Event "*** Titled Tuesday Blitz"]
[Site "Chess.com"]
[Date "2020.10.20"]
[Round "9"]
[White "Borsuk_Konstantin"]
[Black "bakki78"]
[Result "0-1"]
[WhiteElo "2571"]
[BlackElo "2730"]
[TimeControl "180+1"]
[EndTime "11:47:16 PDT"]
[Termination "bakki78 won on time"]

1. d4 d6 2. c4 e5 3. Nf3 e4 4. Ng5 f5 5. g3 Nf6 6. Bg2 Be7 7. f3 exf3 8. exf3 O-O 9. d5 c6 10. f4 h6 11. Nf3 Ne4 12. Nbd2 Qb6 13. Nxe4 fxe4 14.
Nd4 Bf6 15. Be3 Qb4+ 16. Qd2 Qxc4 17. dxc6 bxc6 18. b3 Qa6 19. Rc1 Re8 20. Kf2 c5 21. Ne2 Bb7 22. Rhd1 Rd8 23. Nc3 d5 24. Bxc5 Nd7 25.
Bd4 Rac8 26. Na4 Bc6 27. Bf1 Qb7 28. Nc3 Qb4 29. Ne2 Qa3 30. Bh3 Rb8 31. Rxc6 Bxd4+ 32. Nxd4 Nc5 33. Kg1 Nd3 34. Bf1 Nb4 35. Ne6 Nxc6 36.
Nxd8 Rxd8 37. Qc2 Ne7 38. Qc7 Rc8 39. Qe5 Rc2 40. Qe6+ Kf8 41. f5 Qc5+ 42. Kh1 Qf2 0-1

[Event "*** Titled Tuesday Blitz"]
[Site "Chess.com"]
[Date "2020.10.20"]
[Round "9"]
[White "ChainsOfFantasia"]
[Black "nrvisakh"]
[Result "0-1"]
[WhiteElo "2495"]
[BlackElo "2703"]
[TimeControl "180+1"]
[EndTime "11:47:16 PDT"]
[Termination "nrvisakh won on time"]

1. d4 Nf6 2. c4 g6 3. Nc3 Bg7 4. e4 d6 5. h3 O-O 6. Be3 e5 7. d5 a5 8. g4 Na6 9. Nge2 Nd7 10. Qd2 Ndc5 11. Ng3 f5 12. gxf5 gxf5 13. Nxf5 Rxf5 14.
exf5 Bxf5 15. Rg1 Bg6 16. Be2 Qh4 17. Rg3 Rf8 18. Bg5 Qd4 19. Be3 Qh4 20. Bg5 Qd4 21.
Be3 Nd3+ 22. Kf1 Qh4 23. Kg1 Nf4 24. Bf1 Nb4 25. Rg4 Nxh3+ 26. Bxh3 Qxh3 27. Rg3 Qf5 28. Nb5 Qf7 29. a3 Nd3 30. Rd1 Nf4 31. c5 Qd7 32. a4 Be4 33. cxd6 cxd6 34. Qe1 Bxd5 35. f3 Nh3+ 36. Kh2 Nf4 0-1